[ AOE2 MATCH · #486040844 ]
UnrankedItalians vs Aztecs
[ REPLAY ANALYSIS · EXTRACTED FROM THE RECORDED GAME ]
Feudal
—
Castle
—
Imperial
—
| APM avg | 80.6 |
| APM peak | 123 |
| eAPM avg | 27.4 |
| Villagers / military | 33 / 0 |
Focus
⚔️ 35.9% · 🌾 64.1%
Feudal
—
Castle
—
Imperial
—
| APM avg | 41.8 |
| APM peak | 59 |
| eAPM avg | 26.5 |
| Villagers / military | 37 / 0 |
Focus
⚔️ 16.4% · 🌾 83.6%
Feudal
8:32
Castle
—
Imperial
—
| APM avg | 77.0 |
| APM peak | 100 |
| eAPM avg | 41.3 |
| Villagers / military | 22 / 9 |
Focus
⚔️ 77.4% · 🌾 22.6%
Archer ×8 · Spearman ×1
Feudal
—
Castle
—
Imperial
—
| APM avg | 85.2 |
| APM peak | 144 |
| eAPM avg | 36.9 |
| Villagers / military | 26 / 5 |
Focus
⚔️ 13.7% · 🌾 86.3%
Militia ×5
Feudal
9:50
Castle
—
Imperial
—
| APM avg | 43.8 |
| APM peak | 65 |
| eAPM avg | 12.6 |
| Villagers / military | 29 / 3 |
Focus
⚔️ 28.3% · 🌾 71.7%
Scout Cavalry ×3
Feudal
8:36
Castle
—
Imperial
—
| APM avg | 65.2 |
| APM peak | 89 |
| eAPM avg | 21.0 |
| Villagers / military | 31 / 7 |
Focus
⚔️ 26.4% · 🌾 73.6%
Scout Cavalry ×6 · Spearman ×1
Feudal
8:52
Castle
—
Imperial
—
| APM avg | 51.2 |
| APM peak | 82 |
| eAPM avg | 18.4 |
| Villagers / military | 27 / 4 |
Focus
⚔️ 38.1% · 🌾 61.9%
Archer ×3 · Spearman ×1
Feudal
9:15
Castle
—
Imperial
—
| APM avg | 55.7 |
| APM peak | 79 |
| eAPM avg | 21.0 |
| Villagers / military | 23 / 9 |
Focus
⚔️ 50.0% · 🌾 50.0%
Archer ×8 · Spearman ×1
Match map
Initial resources + every placement click. Lines = walls · curves = elevation contours. ◆ gold · ⬟ stone · ● berries · ✦ relic · ◌ wall gap
Your base· Open — unwalled flank
LETHUY QB's base· Open — unwalled flank
Zeriel's base· Open — unwalled flank
vitroti's base· Open — 4t gap
AutoClickerv3's base· Open — 8t gap
Oh Bossom's base· Open — unwalled flank
elmor's base· Open — 9t gap
TemplierWithHotkeys's base· Open — unwalled flank
Smoothed initial terrain · ◌ = detected wall gap · hover for details
Inputs per minute
— Oni.TheViper - - LETHUY QB
Build order — Oni.TheViper
70 actions detected in the replay
| 0:03 | Create | Villager (Male) |
| 0:03 | Build | House |
| 0:04 | Build | House |
| 0:07 | Build | House |
| 0:08 | Build | House |
| 0:12 | Create | Villager (Male) |
| 0:13 | Create | Villager (Male) |
| 0:13 | Create | Villager (Male) |
| 1:36 | Create | Villager (Male) |
| 2:01 | Research | Loom |
| 2:11 | Build | Lumber Camp |
| 2:19 | Create | Villager (Male) |
| 2:43 | Create | Villager (Male) |
| 2:46 | Build | Palisade Wall |
| 2:47 | Build | Palisade Wall |
| 3:12 | Build | Palisade Wall |
| 3:15 | Create | Villager (Male) |
| 3:57 | Create | Villager (Male) |
| 3:57 | Create | Villager (Male) |
| 4:13 | Create | Villager (Male) |
| 4:38 | Build | House |
| 4:42 | Create | Villager (Male) |
| 4:43 | Create | Villager (Male) |
| 5:15 | Create | Villager (Male) |
| 5:19 | Build | Palisade Wall |
| 5:21 | Build | Palisade Wall |
| 5:22 | Build | Palisade Wall |
| 5:23 | Create | Villager (Male) |
| 5:34 | Build | Palisade Wall |
| 5:43 | Build | Palisade Wall |
| 5:43 | Build | Palisade Wall |
| 5:46 | Build | Palisade Wall |
| 5:46 | Build | Palisade Wall |
| 5:47 | Build | Palisade Wall |
| 5:48 | Build | Palisade Wall |
| 6:00 | Create | Villager (Male) |
| 6:12 | Create | Villager (Male) |
| 6:19 | Build | Mill |
| 6:56 | Create | Villager (Male) |
| 7:19 | Create | Villager (Male) |
| 7:26 | Create | Villager (Male) |
| 7:33 | Create | Villager (Male) |
| 7:41 | Create | Villager (Male) |
| 7:48 | Build | House |
| 7:51 | Create | Villager (Male) |
| 8:21 | Create | Villager (Male) |
| 8:42 | Create | Villager (Male) |
| 8:49 | Build | Farm |
| 8:50 | Build | Farm |
| 8:50 | Create | Villager (Male) |
| 8:59 | Create | Villager (Male) |
| 9:16 | Create | Villager (Male) |
| 9:29 | Build | Palisade Wall |
| 9:33 | Build | Palisade Wall |
| 9:33 | Build | Palisade Wall |
| 9:46 | Create | Villager (Male) |
| 9:55 | Create | Villager (Male) |
| 10:05 | Create | Villager (Male) |
| 10:11 | Build | Farm |
| 10:22 | Create | Villager (Male) |
| 10:32 | Create | Villager (Male) |
| 10:39 | Build | Farm |
| 10:42 | Build | Farm |
| 10:48 | Build | Palisade Wall |
| 10:48 | Build | Palisade Wall |
| 10:56 | Build | House |
| 11:09 | Build | Farm |
| 11:33 | Build | Farm |
| 11:40 | Build | Farm |
| 12:05 | Build | Farm |
Build order — LETHUY QB
65 actions detected in the replay
| 0:02 | Create | Villager (Male) |
| 0:02 | Create | Villager (Male) |
| 0:02 | Create | Villager (Male) |
| 0:04 | Build | House |
| 0:06 | Build | House |
| 0:29 | Create | Villager (Male) |
| 0:29 | Create | Villager (Male) |
| 1:35 | Create | Villager (Male) |
| 1:36 | Create | Villager (Male) |
| 1:50 | Research | Loom |
| 1:50 | Research | Loom |
| 2:41 | Create | Villager (Male) |
| 2:42 | Create | Villager (Male) |
| 2:42 | Create | Villager (Male) |
| 2:42 | Create | Villager (Male) |
| 3:20 | Create | Villager (Male) |
| 3:20 | Create | Villager (Male) |
| 3:38 | Build | Lumber Camp |
| 4:03 | Create | Villager (Male) |
| 4:05 | Create | Villager (Male) |
| 4:05 | Create | Villager (Male) |
| 4:05 | Create | Villager (Male) |
| 4:06 | Create | Villager (Male) |
| 4:44 | Create | Villager (Male) |
| 4:45 | Create | Villager (Male) |
| 4:46 | Create | Villager (Male) |
| 5:02 | Build | Palisade Wall |
| 5:04 | Build | Palisade Wall |
| 5:05 | Build | Palisade Wall |
| 5:28 | Create | Villager (Male) |
| 5:29 | Create | Villager (Male) |
| 5:29 | Create | Villager (Male) |
| 5:32 | Build | Palisade Wall |
| 5:33 | Build | Palisade Wall |
| 6:01 | Build | House |
| 6:09 | Build | Palisade Wall |
| 6:10 | Build | Palisade Wall |
| 6:12 | Build | Palisade Wall |
| 6:13 | Build | Palisade Wall |
| 6:15 | Build | Palisade Wall |
| 6:18 | Build | Palisade Wall |
| 6:20 | Build | Palisade Wall |
| 7:07 | Build | Mill |
| 7:08 | Create | Villager (Male) |
| 7:08 | Create | Villager (Male) |
| 7:08 | Create | Villager (Male) |
| 7:09 | Create | Villager (Male) |
| 7:37 | Build | Palisade Wall |
| 7:38 | Build | Palisade Wall |
| 7:41 | Build | Palisade Wall |
| 8:01 | Create | Villager (Male) |
| 8:05 | Build | House |
| 8:55 | Build | Barracks |
| 8:58 | Create | Villager (Male) |
| 9:32 | Create | Villager (Male) |
| 9:32 | Create | Villager (Male) |
| 10:10 | Create | Villager (Male) |
| 10:10 | Create | Villager (Male) |
| 10:56 | Build | Farm |
| 10:57 | Build | Farm |
| 11:00 | Build | House |
| 11:02 | Build | Palisade Wall |
| 11:07 | Create | Villager (Male) |
| 11:07 | Create | Villager (Male) |
| 11:08 | Create | Villager (Male) |
Build order — Zeriel
52 actions detected in the replay
| 0:01 | Create | Villager (Male) |
| 0:03 | Build | House |
| 0:04 | Build | House |
| 0:17 | Create | Villager (Male) ×3 |
| 1:38 | Create | Villager (Male) |
| 2:02 | Create | Villager (Male) |
| 2:11 | Build | Lumber Camp |
| 2:25 | Create | Villager (Male) |
| 3:00 | Create | Villager (Male) |
| 3:01 | Create | Villager (Male) |
| 3:08 | Create | Villager (Male) |
| 3:26 | Create | Villager (Male) |
| 3:33 | Build | House |
| 3:55 | Create | Villager (Male) |
| 4:13 | Create | Villager (Male) |
| 5:03 | Create | Villager (Male) |
| 5:10 | Build | Mining Camp |
| 5:24 | Create | Villager (Male) |
| 5:30 | Research | Loom |
| 6:22 | Research | Feudal Age |
| 7:09 | Build | Barracks |
| 7:23 | Build | Palisade Wall |
| 7:24 | Build | Palisade Wall |
| 8:16 | Build | House |
| 8:22 | Build | House |
| 8:30 | Create | Villager (Male) |
| 8:32 | Age | Feudal Age |
| 8:34 | Build | Archery Range |
| 8:36 | Build | Archery Range |
| 8:45 | Build | House |
| 8:53 | Create | Villager (Male) |
| 9:29 | Create | Villager (Male) |
| 9:31 | Create | Archer |
| 9:35 | Build | Blacksmith |
| 9:38 | Create | Villager (Male) |
| 9:41 | Create | Villager (Male) |
| 9:42 | Create | Archer |
| 9:49 | Create | Archer |
| 10:18 | Create | Archer |
| 10:31 | Build | Palisade Wall |
| 10:44 | Create | Villager (Male) |
| 10:49 | Create | Archer |
| 10:55 | Build | Palisade Wall |
| 10:56 | Build | House |
| 11:03 | Research | Fletching |
| 11:07 | Create | Villager (Male) |
| 11:11 | Build | Mill |
| 11:21 | Create | Archer |
| 11:25 | Build | House |
| 11:34 | Create | Archer |
| 11:52 | Create | Spearman |
| 12:04 | Create | Archer |
Build order — vitroti
55 actions detected in the replay
| 0:03 | Create | Villager (Male) |
| 0:04 | Create | Villager (Male) |
| 0:05 | Build | House |
| 0:07 | Build | House |
| 0:17 | Create | Villager (Male) |
| 0:17 | Create | Villager (Male) |
| 1:14 | Build | Palisade Wall |
| 1:40 | Create | Villager (Male) |
| 2:06 | Create | Villager (Male) |
| 2:18 | Build | Lumber Camp |
| 2:24 | Create | Villager (Male) |
| 2:50 | Create | Villager (Male) |
| 3:32 | Create | Villager (Male) |
| 3:32 | Create | Villager (Male) |
| 3:42 | Create | Villager (Male) |
| 3:56 | Create | Villager (Male) |
| 4:03 | Create | Villager (Male) |
| 4:12 | Research | Loom |
| 4:12 | Research | Loom |
| 4:27 | Build | House |
| 4:46 | Build | Mill |
| 4:49 | Create | Villager (Male) |
| 4:49 | Create | Villager (Male) |
| 5:52 | Create | Villager (Male) |
| 5:52 | Create | Villager (Male) |
| 6:18 | Build | Barracks |
| 6:28 | Create | Villager (Male) |
| 6:45 | Build | House |
| 7:04 | Create | Militia |
| 7:04 | Create | Militia |
| 7:32 | Create | Villager (Male) |
| 7:38 | Build | Mill |
| 7:43 | Create | Villager (Male) |
| 7:43 | Create | Villager (Male) |
| 7:56 | Create | Militia |
| 8:02 | Build | House |
| 8:28 | Create | Villager (Male) |
| 8:31 | Create | Villager (Male) |
| 8:34 | Build | House |
| 8:49 | Create | Militia |
| 8:50 | Create | Militia |
| 9:00 | Create | Villager (Male) |
| 9:25 | Create | Villager (Male) |
| 9:29 | Build | Mining Camp |
| 9:47 | Create | Villager (Male) |
| 9:49 | Build | Farm |
| 10:53 | Research | Feudal Age |
| 10:53 | Research | Feudal Age |
| 10:59 | Build | House |
| 11:11 | Build | Farm |
| 11:19 | Build | Palisade Wall |
| 11:25 | Build | Palisade Wall |
| 11:27 | Build | Palisade Wall |
| 11:34 | Build | Palisade Wall |
| 11:42 | Build | House |
Build order — AutoClickerv3
52 actions detected in the replay
| 0:00 | Create | Villager (Male) |
| 0:02 | Build | House |
| 0:03 | Build | House |
| 0:24 | Create | Villager (Male) |
| 0:28 | Create | Villager (Male) |
| 0:28 | Create | Villager (Male) |
| 0:29 | Create | Villager (Male) |
| 0:32 | Build | Lumber Camp |
| 1:29 | Create | Villager (Male) |
| 2:01 | Create | Villager (Male) |
| 2:26 | Create | Villager (Male) |
| 2:49 | Create | Villager (Male) |
| 2:49 | Create | Villager (Male) |
| 3:19 | Create | Villager (Male) |
| 3:19 | Create | Villager (Male) |
| 3:27 | Build | House |
| 4:03 | Create | Villager (Male) |
| 4:03 | Create | Villager (Male) |
| 4:08 | Build | Mill |
| 4:36 | Create | Villager (Male) |
| 4:43 | Create | Villager (Male) |
| 4:52 | Create | Villager (Male) |
| 5:13 | Create | Villager (Male) |
| 5:27 | Build | House |
| 5:43 | Create | Villager (Male) |
| 6:32 | Create | Villager (Male) |
| 7:04 | Create | Villager (Male) |
| 7:40 | Research | Feudal Age |
| 7:58 | Create | Villager (Male) |
| 8:06 | Build | House |
| 8:07 | Build | House |
| 8:40 | Build | Barracks |
| 8:58 | Create | Villager (Male) |
| 9:09 | Build | Palisade Gate |
| 9:15 | Build | House |
| 9:16 | Create | Villager (Male) |
| 9:23 | Create | Villager (Male) |
| 9:50 | Age | Feudal Age |
| 9:51 | Build | Stable |
| 9:54 | Research | Double-Bit Axe |
| 10:21 | Build | Palisade Wall |
| 10:25 | Create | Scout Cavalry |
| 10:26 | Create | Scout Cavalry |
| 10:27 | Create | Villager (Male) |
| 10:32 | Research | Horse Collar |
| 11:05 | Create | Villager (Male) |
| 11:12 | Build | Lumber Camp |
| 11:23 | Create | Villager (Male) |
| 11:26 | Build | Farm |
| 11:37 | Create | Scout Cavalry |
| 11:39 | Create | Villager (Male) |
| 11:44 | Build | Farm |
Build order — Oh Bossom
63 actions detected in the replay
| 0:01 | Create | Villager (Male) |
| 0:02 | Create | Villager (Male) |
| 0:02 | Build | House |
| 0:05 | Build | House |
| 0:42 | Create | Villager (Male) |
| 0:42 | Create | Villager (Male) |
| 0:42 | Create | Villager (Male) |
| 0:42 | Create | Villager (Male) |
| 1:29 | Create | Villager (Male) |
| 1:29 | Create | Villager (Male) |
| 2:06 | Create | Villager (Male) |
| 2:06 | Create | Villager (Male) |
| 2:12 | Create | Villager (Male) |
| 2:12 | Create | Villager (Male) |
| 2:51 | Create | Villager (Male) |
| 2:51 | Create | Villager (Male) |
| 3:19 | Create | Villager (Male) |
| 3:19 | Create | Villager (Male) |
| 3:19 | Create | Villager (Male) |
| 3:25 | Build | Lumber Camp |
| 3:34 | Create | Villager (Male) |
| 3:50 | Create | Villager (Male) |
| 3:50 | Create | Villager (Male) |
| 3:50 | Create | Villager (Male) |
| 4:23 | Research | Loom |
| 4:29 | Build | House |
| 4:43 | Create | Villager (Male) |
| 4:43 | Create | Villager (Male) |
| 4:44 | Create | Villager (Male) |
| 4:44 | Create | Villager (Male) |
| 5:22 | Build | Mill |
| 6:26 | Research | Feudal Age |
| 6:26 | Research | Feudal Age |
| 7:22 | Build | Barracks |
| 7:25 | Build | House |
| 7:31 | Build | Palisade Wall |
| 7:33 | Create | Villager (Male) |
| 8:36 | Age | Feudal Age |
| 8:41 | Build | Stable |
| 9:12 | Create | Villager (Male) |
| 9:12 | Create | Villager (Male) |
| 9:19 | Create | Spearman |
| 9:24 | Create | Scout Cavalry |
| 9:44 | Build | Palisade Wall |
| 9:46 | Build | Palisade Wall |
| 9:49 | Create | Villager (Male) |
| 9:49 | Create | Villager (Male) |
| 9:54 | Create | Scout Cavalry |
| 9:54 | Create | Scout Cavalry |
| 10:28 | Create | Scout Cavalry |
| 10:56 | Create | Scout Cavalry |
| 11:05 | Build | House |
| 11:07 | Build | Farm |
| 11:07 | Build | Farm |
| 11:07 | Build | Farm |
| 11:07 | Build | Farm |
| 11:08 | Build | Farm |
| 11:08 | Build | Farm |
| 11:08 | Build | Farm |
| 11:16 | Create | Scout Cavalry |
| 11:18 | Create | Villager (Male) |
| 11:57 | Build | Farm |
| 11:59 | Build | Farm |
Build order — elmor
60 actions detected in the replay
| 0:03 | Create | Villager (Male) |
| 0:05 | Build | House |
| 0:05 | Create | Villager (Male) |
| 0:07 | Build | House |
| 0:07 | Create | Villager (Male) |
| 0:08 | Create | Villager (Male) |
| 0:09 | Create | Villager (Male) |
| 1:49 | Create | Villager (Male) |
| 2:12 | Build | Lumber Camp |
| 2:21 | Create | Villager (Male) |
| 2:22 | Create | Villager (Male) |
| 2:23 | Create | Villager (Male) |
| 2:47 | Create | Villager (Male) |
| 3:19 | Build | Mill |
| 3:30 | Create | Villager (Male) |
| 3:30 | Create | Villager (Male) |
| 3:31 | Create | Villager (Male) |
| 3:41 | Build | House |
| 4:13 | Create | Villager (Male) |
| 4:17 | Build | House |
| 4:26 | Create | Villager (Male) |
| 4:26 | Create | Villager (Male) |
| 4:46 | Create | Villager (Male) |
| 5:06 | Build | Palisade Wall |
| 5:09 | Build | Palisade Wall |
| 5:54 | Create | Villager (Male) |
| 6:18 | Research | Loom |
| 6:18 | Research | Loom |
| 6:40 | Research | Feudal Age |
| 6:40 | Research | Feudal Age |
| 7:17 | Build | Barracks |
| 7:27 | Build | Palisade Wall |
| 7:29 | Build | Palisade Wall |
| 7:49 | Build | Palisade Wall |
| 8:08 | Create | Villager (Male) |
| 8:14 | Build | House |
| 8:16 | Create | Villager (Male) |
| 8:16 | Create | Villager (Male) |
| 8:52 | Age | Feudal Age |
| 8:58 | Build | Archery Range |
| 9:02 | Build | Archery Range |
| 9:19 | Build | Palisade Wall |
| 9:25 | Build | Mining Camp |
| 9:39 | Build | Palisade Wall |
| 9:47 | Create | Archer |
| 10:01 | Build | Palisade Gate |
| 10:04 | Build | House |
| 10:09 | Build | Palisade Wall |
| 10:14 | Build | Palisade Wall |
| 10:18 | Create | Villager (Male) |
| 10:18 | Create | Villager (Male) |
| 10:30 | Create | Archer |
| 10:47 | Create | Villager (Male) |
| 10:48 | Build | Farm |
| 11:01 | Create | Spearman |
| 11:05 | Create | Archer |
| 11:06 | Create | Villager (Male) |
| 11:45 | Build | Blacksmith |
| 11:46 | Create | Villager (Male) |
| 11:55 | Create | Villager (Male) |
Build order — TemplierWithHotkeys
53 actions detected in the replay
| 0:02 | Create | Villager (Male) |
| 0:02 | Create | Villager (Male) |
| 0:03 | Build | House |
| 0:06 | Build | House |
| 0:26 | Create | Villager (Male) |
| 0:37 | Create | Villager (Male) |
| 1:48 | Create | Villager (Male) |
| 1:55 | Build | Lumber Camp |
| 2:15 | Create | Villager (Male) |
| 2:15 | Create | Villager (Male) |
| 2:46 | Create | Villager (Male) |
| 2:46 | Create | Villager (Male) |
| 3:27 | Create | Villager (Male) |
| 3:57 | Create | Villager (Male) |
| 4:15 | Build | House |
| 4:25 | Create | Villager (Male) |
| 4:54 | Create | Villager (Male) |
| 5:25 | Create | Villager (Male) |
| 5:25 | Create | Villager (Male) |
| 5:41 | Create | Villager (Male) |
| 5:52 | Create | Villager (Male) |
| 5:57 | Build | House |
| 6:23 | Create | Villager (Male) |
| 6:26 | Build | Mining Camp |
| 6:38 | Research | Loom |
| 7:02 | Research | Feudal Age |
| 7:03 | Research | Feudal Age |
| 7:23 | Build | Palisade Wall |
| 7:59 | Build | Barracks |
| 8:54 | Build | Palisade Wall |
| 9:05 | Create | Villager (Male) |
| 9:15 | Age | Feudal Age |
| 9:23 | Build | Archery Range |
| 9:28 | Research | Double-Bit Axe |
| 9:28 | Research | Double-Bit Axe |
| 9:36 | Create | Villager (Male) |
| 10:01 | Create | Villager (Male) |
| 10:06 | Build | Archery Range |
| 10:07 | Create | Archer |
| 10:08 | Create | Archer |
| 10:35 | Create | Villager (Male) |
| 10:37 | Create | Archer |
| 10:38 | Create | Archer |
| 10:48 | Build | Mill |
| 10:56 | Build | Palisade Wall |
| 10:58 | Build | Palisade Wall |
| 11:03 | Create | Villager (Male) |
| 11:10 | Build | House |
| 11:20 | Create | Archer |
| 11:21 | Create | Archer |
| 11:41 | Create | Spearman |
| 11:45 | Create | Archer |
| 11:59 | Create | Archer |
Match timeline
| 1:14 | vitroti · wall_segment Palisade Wall x1 |
| 2:46 | Oni.TheViper · wall_segment Palisade Wall x1 |
| 2:47 | Oni.TheViper · wall_segment Palisade Wall x2 |
| 3:12 | Oni.TheViper · wall_segment Palisade Wall x1 |
| 5:02 | LETHUY QB · wall_segment Palisade Wall x3 |
| 5:04 | LETHUY QB · wall_segment Palisade Wall x1 |
| 5:05 | LETHUY QB · wall_segment Palisade Wall x1 |
| 5:06 | elmor · wall_segment Palisade Wall x1 |
| 5:09 | elmor · wall_segment Palisade Wall x9 |
| 5:19 | Oni.TheViper · wall_segment Palisade Wall x2 |
| 5:21 | Oni.TheViper · wall_segment Palisade Wall x1 |
| 5:22 | Oni.TheViper · wall_segment Palisade Wall x1 |
| 5:32 | LETHUY QB · wall_segment Palisade Wall x1 |
| 5:33 | LETHUY QB · wall_segment Palisade Wall x1 |
| 5:34 | Oni.TheViper · wall_segment Palisade Wall x1 |
| 5:43 | Oni.TheViper · wall_segment Palisade Wall x1 |
| 5:43 | Oni.TheViper · wall_segment Palisade Wall x1 |
| 5:46 | Oni.TheViper · wall_segment Palisade Wall x1 |
| 5:46 | Oni.TheViper · wall_segment Palisade Wall x1 |
| 5:47 | Oni.TheViper · wall_segment Palisade Wall x1 |
| 5:48 | Oni.TheViper · wall_segment Palisade Wall x1 |
| 6:09 | LETHUY QB · wall_segment Palisade Wall x1 |
| 6:10 | LETHUY QB · wall_segment Palisade Wall x1 |
| 6:12 | LETHUY QB · wall_segment Palisade Wall x1 |
| 6:13 | LETHUY QB · wall_segment Palisade Wall x1 |
| 6:15 | LETHUY QB · wall_segment Palisade Wall x1 |
| 6:18 | LETHUY QB · wall_segment Palisade Wall x1 |
| 6:18 | vitroti · first_building Barracks |
| 6:20 | LETHUY QB · wall_segment Palisade Wall x1 |
| 7:09 | Zeriel · first_building Barracks |
| 7:17 | elmor · first_building Barracks |
| 7:22 | Oh Bossom · first_building Barracks |
| 7:23 | TemplierWithHotkeys · wall_segment Palisade Wall x7 |
| 7:23 | Zeriel · wall_segment Palisade Wall x1 |
| 7:24 | Zeriel · wall_segment Palisade Wall x1 |
| 7:27 | elmor · wall_segment Palisade Wall x1 |
| 7:29 | elmor · wall_segment Palisade Wall x3 |
| 7:31 | Oh Bossom · wall_segment Palisade Wall x1 |
| 7:37 | LETHUY QB · wall_segment Palisade Wall x3 |
| 7:38 | LETHUY QB · wall_segment Palisade Wall x2 |
| 7:41 | LETHUY QB · wall_segment Palisade Wall x1 |
| 7:49 | elmor · wall_segment Palisade Wall x7 |
| 7:59 | TemplierWithHotkeys · first_building Barracks |
| 8:32 | Zeriel · age_up feudal |
| 8:34 | Zeriel · first_building Archery Range |
| 8:36 | Oh Bossom · age_up feudal |
| 8:40 | AutoClickerv3 · first_building Barracks |
| 8:41 | Oh Bossom · first_building Stable |
| 8:52 | elmor · age_up feudal |
| 8:54 | TemplierWithHotkeys · wall_segment Palisade Wall x1 |
| 8:55 | LETHUY QB · first_building Barracks |
| 8:58 | elmor · first_building Archery Range |
| 9:15 | TemplierWithHotkeys · age_up feudal |
| 9:19 | elmor · wall_segment Palisade Wall x1 |
| 9:23 | TemplierWithHotkeys · first_building Archery Range |
| 9:29 | Oni.TheViper · wall_segment Palisade Wall x1 |
| 9:33 | Oni.TheViper · wall_segment Palisade Wall x1 |
| 9:33 | Oni.TheViper · wall_segment Palisade Wall x1 |
| 9:39 | elmor · wall_segment Palisade Wall x1 |
| 9:44 | Oh Bossom · wall_segment Palisade Wall x1 |
| 9:46 | Oh Bossom · wall_segment Palisade Wall x5 |
| 9:50 | AutoClickerv3 · age_up feudal |
| 9:51 | AutoClickerv3 · first_building Stable |
| 10:09 | elmor · wall_segment Palisade Wall x1 |
| 10:14 | elmor · wall_segment Palisade Wall x1 |
| 10:21 | AutoClickerv3 · wall_segment Palisade Wall x6 |
| 10:31 | Zeriel · wall_segment Palisade Wall x3 |
| 10:48 | Oni.TheViper · wall_segment Palisade Wall x1 |
| 10:48 | Oni.TheViper · wall_segment Palisade Wall x1 |
| 10:55 | Zeriel · wall_segment Palisade Wall x1 |
| 10:56 | TemplierWithHotkeys · wall_segment Palisade Wall x1 |
| 10:58 | TemplierWithHotkeys · wall_segment Palisade Wall x1 |
| 11:02 | LETHUY QB · wall_segment Palisade Wall x10 |
| 11:19 | vitroti · wall_segment Palisade Wall x4 |
| 11:25 | vitroti · wall_segment Palisade Wall x11 |
| 11:27 | vitroti · wall_segment Palisade Wall x1 |
| 11:34 | vitroti · wall_segment Palisade Wall x5 |
| 11:41 | LETHUY QB · resign |
[ AI ANALYSIS · 1 CREDIT ]
What really happened in this match?
Wolo.gg analyzes every decision: build order, eco, micro, common mistakes by bracket. Personalized analysis on WhatsApp or Discord in 30 seconds.
Civ guide
Italians
Perfil
TheViper